 Dungeon Crawl Stone Soup version 0.19.5 (webtiles) character file.

49 lauthentik the Sneak (level 3, -1/25 HPs)
             Began as a Vampire Enchanter on Mar 24, 2017.
             Slain by a worm (6 damage)
             ... on level 2 of the Dungeon.
             The game lasted 00:03:15 (1133 turns).

lauthentik the Sneak (Vampire Enchanter)            Turns: 1133, Time: 00:03:16

Health: -1/25      AC:  4    Str:  7    XL:     3   Next: 51%
Magic:  4/6        EV: 13    Int: 17    God:
Gold:   26         SH:  0    Dex: 15    Spells: 2 memorised, 4 levels left

rFire  . . .     SeeInvis +     a - +1 dagger
rCold  + . .     Gourm    .     b - +1 robe
rNeg   + + .     Faith    .     (no shield)
rPois  +         Spirit   .     j - +0 helmet
rElec  .         Reflect  .     (no cloak)
rCorr  .         Harm     .     (no gloves)
MR     .....                    (no boots)
Stlth  ++++......               (no amulet)
                                (no ring)
                                (no ring)

@: regenerating slowly
A: fangs 3, see invisible, unbreathing
a: Bat Form


You were on level 2 of the Dungeon.
You were thirsty.

You visited 1 branch of the dungeon, and saw 2 of its levels.

You collected 26 gold pieces.

Inventory:

Hand Weapons
 a - a +1 dagger (weapon)
Armour
 b - a +1 robe (worn)
 j - a +0 helmet (worn)
Jewellery
 k - an uncursed amulet of the gourmand {unknown}
Scrolls
 e - a scroll of fog {unknown}
 f - 3 scrolls of identify {unknown}
 g - a scroll of remove curse {unknown}
 i - a scroll of blinking {unknown}
 m - a scroll of amnesia {unknown}
Potions
 d - a potion of blood
 h - a potion of berserk rage {unknown}
 l - a potion of cure mutation {unknown}
 n - a potion of flight {unknown}
Books
 c - a book of Maledictions

   Spells                             Type                      Level
   a - Corona                         Hexes                        1
   b - Ensorcelled Hibernation        Hexes/Ice                    2
   c - Confuse                        Hexes                        3
   d - Tukima's Dance                 Hexes                        3
   e - Dazzling Spray                 Conjuration/Hexes            3


   Skills:
 + Level 0.3 Fighting
 + Level 1.4 Short Blades
 + Level 2.5 Dodging
 + Level 5.3 Stealth
 + Level 2.5 Spellcasting
 + Level 4.8 Hexes
 + Level 0.2 Ice Magic


You had 4 spell levels left.
You knew the following spells:

 Your Spells              Type           Power        Failure   Level  Hunger
a - Ensorcelled Hibernat  Hex/Ice        ##....       12%         2    ##.....
b - Corona                Hex            ###....      2%          1    #......


Dungeon Overview and Level Annotations

Branches:
Dungeon (2/15)

Altars:


Innate Abilities, Weirdness & Mutations

You heal slowly.
You have razor-sharp teeth.
You have supernaturally acute eyesight. (SInv)
You can survive without breathing.


Message History

The helpless giant cockroach fails to defend itself.
You impale the giant cockroach!!
You kill the giant cockroach!
You now have 26 gold pieces (gained 4).
A worm comes into view.
A goblin comes into view.
Found a faded altar of an unknown god.
An ooze comes into view.
The goblin shouts!
The worm bites you!
* * * LOW HITPOINT WARNING * * *
Casting: Ensorcelled Hibernation
Confirm with . or Enter, or press ? or * to list all spells.
Aiming: Ensorcelled Hibernation
Press: ? - help, Shift-Dir - straight line, f - worm
Aim: a worm (chance to defeat MR: 50%)
The worm resists with some effort.
The ooze quivers.
The worm bites you.
You die...

##.##.###.# ##....
....†.##..###...#
##.#.....###....#
##.##.....#....##
##.###...[......##
##.##............######
##..............g......
................w######.
.#.###..........@..J....
...# #)...##........8...
...# #.########....8.8..
...###.# ##..8._.8.
...##..# ##..8.8..
..)#..####### ...8...
............. .......
............. ####...
#............


You could see a worm, an ooze and a goblin.

Vanquished Creatures
  An adder (D:2)
  A worm (D:2)
  A dart slug (D:2)
  A leopard gecko (D:1)
  2 giant cockroaches (D:2)
  5 goblins
  2 hobgoblins
  3 jackals (D:1)
  A ball python (D:1)
  2 bats (D:1)
  2 frilled lizards (D:1)
  6 kobolds
  8 rats
35 creatures vanquished.

Notes
Turn   | Place    | Note
-------+----------+-------------------------------------------
     0 | D:1      | lauthentik the Vampire Enchanter began the quest for the Orb.
     0 | D:1      | Reached XP level 1. HP: 13/13 MP: 3/3
   314 | D:1      | Reached XP level 2. HP: 19/19 MP: 5/5
   318 | D:1      | Learned a level 2 spell: Ensorcelled Hibernation
   385 | D:1      | Reached skill level 5 in Stealth
   944 | D:2      | Reached XP level 3. HP: 13/24 MP: 3/6
  1129 | D:2      | Found a faded altar of an unknown god.
  1133 | D:2      | Slain by a worm

Skill      XL: |  1  2 |
---------------+-------+-----
Stealth        | 5 |  5.3
Fighting       | |  0.3
Short Blades   | |  1.4
Dodging        | |  2.5
Spellcasting   | |  2.5
Hexes          | |  4.8
Ice Magic      | |  0.2

Action                   || total
-------------------------++-------
Melee: Dagger            ||   102
       Bite              ||    11
 Cast: Corona            ||     1
       Ensorcelled Hiber ||    15
 Stab: Sleeping          ||    16
  Eat: Corpse            ||     1
Armor: Robe              ||    26
Dodge: Dodged            ||    74
